 Dungeon Crawl Stone Soup version 0.25.0-9-g26727b657a (webtiles) character file.

Game seed: 8224674910118742895

323384 vurker the Gelid (level 21, -4/147 HPs)
             Began as an Octopode Ice Elementalist on June 16, 2020.
             Was the Champion of Vehumet.
             Slain by a freezing wraith (6 damage)
             ... led by a death knight
             ... on level 3 of the Vaults.
             The game lasted 01:41:54 (65614 turns).

vurker the Gelid (Octopode Ice Elementalist)       Turns: 65614, Time: 01:41:55

Health: -4/147     AC:  8    Str: 14    XL:     21   Next: 57%
Magic:  6/63       EV: 20    Int: 37    God:    Vehumet [******]
Gold:   2284       SH: 17    Dex: 19    Spells: 31/58 levels left

rFire    + . .     SeeInvis .   a - +8 demon trident (freeze)
rCold    + . .     Gourm    .   P - +1 kite shield "Usaphy" {rElec rN++}
rNeg     + + +     Faith    .   N - +3 hat of Pondering {ponderous, MR+ MP+10 Int+5}
rPois    +         Spirit   .   E - amulet of the Piercing Ancients {Reflect Str+2 SH+5}
rElec    +         Reflect  +   g - +6 ring of intelligence
rCorr    .         Harm     .   T - ring of protection from fire
MR       +++..                  L - +4 ring of protection
Stlth    ++++++....             w - ring of protection from cold
HPRegen  0.34/turn              z - ring "Suwnig Anke" {rPois Str+4 Dex+6}
MPRegen  0.38/turn              B - ring of protection from magic
                                J - ring of positive energy
                                I - ring of magical power

@: flayed, no potions, slowed, very slow
A: almost no armour, stealthy swim, amphibious, 8 rings, constrict 8, camouflage
1, gelatinous body 1
}: 2/15 runes: serpentine, barnacled
a: Renounce Religion


You were on level 3 of the Vaults.
You worshipped Vehumet.
Vehumet was exalted by your worship.
You were not hungry.

You visited 8 branches of the dungeon, and saw 38 of its levels.
You also visited: Sewer, Bailey and Ice Cave.

You collected 8126 gold pieces.
You spent 5842 gold pieces at shops.

Inventory:

Hand Weapons
 a - a +8 demon trident of freezing (weapon)
   (You took it off a merfolk impaler on level 4 of the Shoals)
Missiles
 s - 14 throwing nets (quivered)
Armour
 D - the +2 hat of Kindness {+Fly rC+ Dex-4 SInv}
   (You acquired it on level 5 of the Lair of Beasts)

   It affects your dexterity (-4).
   It protects you from cold.
   It lets you see invisible.
   It lets you fly.
 N - the +3 hat of Pondering (worn) {ponderous, MR+ MP+10 Int+5}
   (You acquired it on level 12 of the Dungeon)

   It affects your intelligence (+5).
   It affects your resistance to hostile enchantments.
   It affects your magic capacity (+10).
 P - the +1 kite shield "Usaphy" (worn) {rElec rN++}
   (You took it off a deep elf death mage on level 3 of the Elven Halls)

   It insulates you from electricity.
   It greatly protects you from negative energy.
Magical Staves
 m - an uncursed staff of wizardry
   (You found it on level 2 of the Lair of Beasts)
Jewellery
 g - a +6 ring of intelligence (left tentacle)
   (You bought it in a shop on level 2 of the Snake Pit)
 w - a ring of protection from cold (on tentacle)
   (You bought it in a shop on level 11 of the Dungeon)
 z - the ring "Suwnig Anke" (on tentacle) {rPois Str+4 Dex+6}
   (You bought it in a shop on level 11 of the Dungeon)

   [ring of dexterity]

   It affects your strength (+4).
   It affects your dexterity (+6).
   It protects you from poison.
 B - a ring of protection from magic (on tentacle)
   (You bought it in a shop on level 11 of the Dungeon)
 E - the amulet of the Piercing Ancients (around mantle) {Reflect Str+2 SH+5}
   (You took it off a deep elf blademaster on level 3 of the Elven Halls)

   [amulet of reflection]

   It shields you and reflects attacks.
   It affects your strength (+2).
   It affects your SH (+5).
 I - a ring of magical power (on tentacle)
   (You bought it in a shop on level 2 of the Snake Pit)
 J - a ring of positive energy (on tentacle)
   (You found it on level 5 of the Lair of Beasts)
 L - a +4 ring of protection (on tentacle)
   (You bought it in a shop on level 11 of the Dungeon)
 T - a ring of protection from fire (right tentacle)
   (You found it on level 15 of the Dungeon)
 U - an uncursed ring of see invisible
   (You took it off a naga warrior on level 2 of the Snake Pit)
Wands
 c - a wand of disintegration (14)
   (You took it off a centaur on level 1 of the Vaults)
 d - a wand of iceblast (43)
   (You took it off an orc on level 11 of the Dungeon)
 t - a wand of flame (18)
   (You found it on level 5 of the Lair of Beasts)
 u - a wand of paralysis (19)
   (You found it on level 4 of the Lair of Beasts)
 v - a wand of digging (7)
   (You found it on level 2 of the Shoals)
 x - a wand of acid (11)
   (You found it on level 3 of the Dungeon)
 Y - a wand of clouds (12)
   (You found it on level 1 of the Shoals)
Scrolls
 b - 17 scrolls of remove curse
 j - 3 scrolls of amnesia
 q - 19 scrolls of teleportation
 A - 4 scrolls of blinking
 H - 3 scrolls of fear
 K - 8 scrolls of identify
 M - 2 scrolls of immolation
 R - a scroll of silence
 S - 3 scrolls of fog
 Z - 8 scrolls of magic mapping
Potions
 f - 3 potions of resistance
 i - 6 potions of brilliance
 k - 12 potions of heal wounds
 l - 2 potions of ambrosia
 n - a potion of invisibility
 o - 4 potions of magic
 p - 8 potions of lignification
 r - 5 potions of haste
 y - 12 potions of curing
 F - 3 potions of mutation
 O - 4 potions of cancellation
 X - 3 potions of flight
Miscellaneous
 h - a phial of floods
   (You found it in a bailey)
 V - a tin of tremorstones (3/3)
   (You found it on level 2 of the Snake Pit)
Comestibles
 e - 46 rations
 C - a chunk of flesh


   Skills:
 + Level 13.9 Fighting
 * Level 7.1 Polearms
 * Level 9.9 Dodging
 - Level 10.0 Stealth
 * Level 8.2 Shields
 + Level 19.2 Spellcasting
 * Level 4.5 Conjurations
   Level 3.0 Summonings
 * Level 6.7 Transmutations
 - Level 20.0 Ice Magic
 * Level 7.9 Earth Magic


You had 31 spell levels left.
You knew the following spells:

 Your Spells              Type           Power        Failure   Level  Hunger
a - Ozocubu's Refrigerat  Ice            ########..   1%          6    None
b - Iron Shot             Conj/Erth      ######....   7%          6    None
c - Shatter               Erth           #######...   100%        9    #####..
q - Statue Form           Tmut/Erth      ######...    14%         6    None

Your spell library contained the following spells:

 Spells                   Type           Power        Failure   Level  Hunger
 Fire Storm               Conj/Fire      ######....   100%        9    #####..
 Tornado                  Air            #####.....   100%        9    #####..
 Freeze                   Ice            ####         0%          1    None
 Frozen Ramparts          Ice            ######       0%          3    None
 Animate Skeleton         Necr           N/A          1%          1    None
 Apportation              Tloc           #####.       1%          1    None
 Corona                   Hex            #####..      1%          1    None
 Infusion                 Chrm           ####         1%          1    None
 Magic Dart               Conj           ####         1%          1    None
 Sandblast                Erth           ######       1%          1    None
 Sting                    Tmut/Pois      ####         1%          1    None
 Summon Butterflies       Summ           ######..     1%          1    None
 Summon Small Mammal      Summ           ####         1%          1    None
 Call Imp                 Summ           ######..     1%          2    None
 Ensorcelled Hibernation  Hex/Ice        ######       1%          2    None
 Passwall                 Tmut/Erth      ######..     1%          2    None
 Searing Ray              Conj           ######       1%          2    None
 Call Canine Familiar     Summ           ######..     1%          3    None
 Dazzling Flash           Conj/Hex       ######       1%          3    None
 Ignite Poison            Fire/Tmut/Pois ######..     1%          3    None
 Mephitic Cloud           Conj/Pois/Air  #####...     1%          3    None
 Ozocubu's Armour         Chrm/Ice       #######.     1%          3    None
 Stone Arrow              Conj/Erth      ######       1%          3    None
 Hailstorm                Conj/Ice       #######.     1%          4    None
 Petrify                  Tmut/Erth      ######..     1%          4    None
 Summon Ice Beast         Ice/Summ       #######.     1%          4    None
 Irradiate                Conj/Tmut      ######....   1%          5    None
 Lee's Rapid Deconstruct  Erth           #######...   1%          5    None
 Metabolic Englaciation   Hex/Ice        #######...   1%          5    None
 Fulminant Prism          Conj/Hex       ######....   2%          4    None
 Iskenderun's Mystic Bla  Conj/Tloc      ######..     2%          4    None
 Bolt of Magma            Conj/Fire/Erth ######....   2%          5    None
 Poisonous Vapours        Pois/Air       #####.       3%          2    None
 Shroud of Golubria       Chrm/Tloc      #####.       3%          2    None
 Song of Slaying          Chrm           #####...     3%          2    None
 Recall                   Summ/Tloc      N/A          3%          3    None
 Summon Guardian Golem    Hex/Summ       #####...     3%          3    None
 Leda's Liquefaction      Hex/Erth       ######....   3%          4    None
 Yara's Violent Unravell  Hex/Tmut       ######....   4%          5    None
 Simulacrum               Ice/Necr       #######...   4%          6    None
 Olgreb's Toxic Radiance  Pois           #####...     5%          4    None
 Confusing Touch          Hex            #####...     6%          3    None
 Gell's Gravitas          Tloc           #####.....   6%          3    None
 Spectral Weapon          Hex/Chrm       #####...     6%          3    None
 Tukima's Dance           Hex            #####...     6%          3    None
 Summon Lightning Spire   Summ/Air       #####...     11%         4    None
 Borgnjor's Vile Clutch   Necr/Erth      ######....   11%         5    None
 Hydra Form               Tmut           ######....   19%         6    None
 Animate Dead             Necr           N/A          21%         4    None
 Summon Mana Viper        Hex/Summ       #####...     30%         5    None
 Silence                  Hex/Air        #####.....   50%         5    None
 Shadow Creatures         Summ           N/A          65%         6    None
 Dragon Form              Tmut           ######....   71%         7    None
 Darkness                 Hex            #####.....   97%         6    None
 Death Channel            Necr           #####.....   97%         6    None
 Summon Hydra             Summ           ######....   99%         7    None


Dungeon Overview and Level Annotations

Branches:
Dungeon (15/15)            Temple (1/1) D:4            Lair (6/6) D:9
 Shoals (4/4) Lair:3        Snake (4/4) Lair:3        Slime (0/5) Lair:6
    Orc (2/2) D:11            Elf (3/3) Orc:2        Vaults (3/5) D:13
 Depths (0/5) D:15          Sewer (visited)          Bailey (visited)
  IceCv (visited)
  Crypt: Vaults:2-3

Altars:
Ashenzari
Dithmenos
Elyvilon
Fedhas
Gozag
Hepliaklqana
Nemelex Xobeh
Okawaru
Qazlal
Ru
Sif Muna
Trog
Uskayaw
Vehumet
Wu Jian
Yredelemnul
Zin
Beogh

Shops:
D:9 *   D:10 (   D:11 *:=}   D:13 *   Orc:1 %}   Orc:2 =*:}(   Elf:2 *
Elf:3 ?(}!!   Shoals:2 *   Snake:2 }==   Snake:3 %

Annotations:
D:11 Fannar
D:14 exclusion: door
Lair:4 3 runed translucent doors, Raneoc's ghost, journeyman MiFi
Lair:6 3 runed translucent doors, vogonpoet's ghost, journeyman HOBe
Shoals:4 3 runed translucent doors
Snake:1 2 transporters
Snake:3 1 runed translucent door, Dadghomedgh's ghost, adept GnWz
Elf:2 3 runed translucent doors


Innate Abilities, Weirdness & Mutations

You cannot wear most types of armour.
You are very stealthy in the water. (Stealth+)
You are amphibious.
You can wear up to eight rings at the same time.
You can use your tentacles to constrict eight enemies at once.
Your skin changes colour to match your surroundings (Stealth+).
Your rubbery body absorbs attacks. (AC +1, EV +1)


Message History

Attack whom?
Aim: a freezing wraith You reach to attack!
You hit the skeletal warrior. You hit the freezing wraith.
You squeeze the freezing wraith, but do no damage.
You block the freezing wraith's attack. The freezing wraith hits you!
You impale the freezing wraith!!
Your squeeze misses the freezing wraith.
The freezing wraith completely misses you.
You block the freezing wraith's attack.
You hit the freezing wraith but do no damage.
You block the freezing wraith's attack. x2
You barely miss the freezing wraith.
You block the freezing wraith's attack. x2
The death knight offers itself to Yredelemnul, and fills with unholy energy.
You puncture the freezing wraith!
Your squeeze misses the freezing wraith.
You block the freezing wraith's attack. The freezing wraith hits you.
The freezing wraith drains your vigour!
You feel yourself slow down.
An orc knight comes into view. It is wielding a +0 war axe.
You barely miss the freezing wraith.
You block the freezing wraith's attack. x2
The orc knight shouts!
You puncture the death knight! You freeze the death knight.
Your grab misses the death knight.
The death knight reflects your damage back at you!
You hear a shout! x2
The flayed ghost cries, "Suffer as I suffered!"
Terrible wounds open up all over your body!
You block the death knight's attack.
You hit the death knight. You freeze the death knight.
Your grab misses the death knight.
You squeeze the death knight, but do no damage.
The death knight reflects your damage back at you!
You can drink potions again.
You block the death knight's attack. The skeletal warrior misses you.
You block the death knight's attack.
The skeletal warrior hits you with a +0 dire flail!!
The flayed ghost cries, "Feel what I felt!"
Terrible wounds spread across more of your body!
* * * LOW HITPOINT WARNING * * *
The heat is drained from your surroundings.
You resist.
You feel very cold. The monsters around you are frozen!
The skeletal warrior resists.
The death knight reflects your damage back at you!
* * * LOW HITPOINT WARNING * * *
The death knight's dark mirror aura disappears.
The skeletal warrior hits you with a +0 dire flail!!
* * * LOW HITPOINT WARNING * * *
The freezing wraith barely misses you. The freezing wraith hits you.
You die...

#############
#.#.#...#.#.#
##.#.#)#.#.#
#.#.#.#.#.#.
######.#.[))<#.#
...#.#).รท....#
.#.#.#.#oW#([..[#.)#
.......'p#W......#)'..
.#.######.#@....#.####
#.#z#.#.#.#.#
##.#.#.#.#.##
#.#.#...#.#.# ####
########


You could see an orc knight, a skeletal warrior, a flayed ghost and a freezing
wraith.

Vanquished Creatures
  Boris (Vaults:2)
  Vashnia (Snake:2)
  Jory (Vaults:3)
  Jorgrun (Shoals:3)
  4 deep elf blademasters (Elf:3)
  3 deep elf master archers (Elf:3)
  3 krakens (Shoals:2)
  Ilsuiw (Shoals:4)
  13 nagarajas
  3 vault wardens
  An orc warlord (Orc:1)
  A frost giant (Shoals:4)
  Louise (Snake:2)
  Aizul (Snake:2)
  4 deep elf sorcerers
  5 deep elf elementalists (Elf:3)
  2 ironheart preservers
  3 very ugly things (Vaults:2)
  4 stone giants (Vaults:2)
  An entropy weaver (Vaults:3)
  4 deep elf annihilators (Elf:3)
  5 deep elf demonologists
  Nessos (D:15)
  Azrael (D:14)
  10 merfolk javelineers
  An ettin (Vaults:2)
  7 deep elf death magi (Elf:3)
  3 deep elf high priests (Elf:3)
  11 merfolk impalers
  A yaktaur captain (D:13)
  A servant of whispers (Elf:1)
  21 naga warriors
  3 alligator snapping turtles
  A great orb of eyes (Vaults:2)
  4 merfolk avatars
  5 hydras
  3 vault guards (Vaults:1)
  A merfolk aquamancer (Shoals:4)
  5 centaur warriors
  A death knight (Vaults:2)
  27 two-headed ogres
  A satyr (Shoals:4)
  12 anacondas
  6 ogre magi
  8 orc high priests
  15 naga sharpshooters
  9 dancing weapons
  10 shock serpents
  4 deep elf knights
  A salamander mystic (Snake:2)
  A glowing orange brain (Vaults:1)
  4 skeletal warriors
  4 unseen horrors
  A flayed ghost (Vaults:2)
  4 naga ritualists
  10 deep elf archers
  5 ironbrand convokers
  13 sea snakes
  A wizard (Vaults:1)
  21 harpies
  10 orc knights
  10 mana vipers
  5 orc sorcerers
  45 deep elf magi
  2 oklob plants (Shoals:4)
  27 ugly things
  4 fauns
  2 wolf spiders (Vaults:1)
  6 cyclopes
  14 manticores
  6 salamanders
  9 guardian serpents
  40 black mambas
  14 naga magi
  7 vault sentinels
  11 merfolk sirens
  3 water nymphs
  Psyche (D:11)
  26 spiny frogs
  A yaktaur (shapeshifter) (Vaults:1)
  4 yaktaurs
  6 rime drakes
  An efreet (D:14)
  A freezing wraith (D:15)
  8 komodo dragons
  A tengu conjurer (D:14)
  A meliai (shapeshifter) (D:15)
  5 trolls
  37 merfolk
  A polar bear (Lair:4)
  Prince Ribbit (D:6)
  2 dream sheep (Shoals:3)
  A saltling (Elf:1)
  3 tyrant leeches (Lair:6)
  8 slime creatures
  6 wind drakes
  A raiju (shapeshifter) (Elf:2)
  2 hornets
  29 blink frogs
  13 hippogriffs
  10 snapping turtles
  3 air elementals
  13 water elementals
  A spriggan (shapeshifter) (Vaults:2)
  31 yaks
  7 wyverns
  5 wraiths
  3 basilisks
  A redback (Vaults:3)
  7 fire elementals
  9 vampire mosquitoes
  A basilisk (shapeshifter) (Vaults:3)
  2 soldier ants (shapeshifter)
  A soldier ant (D:15)
  53 nagas
  11 wargs
  3 acid dragons
  7 porcupines
  22 water moccasins
  3 sky beasts
  2 ice beasts
  A hell hound (D:14)
  14 boggarts
  26 orc warriors
  3 black bears
  An eye of draining (shapeshifter) (Vaults:3)
  10 ogres
  A phantom (D:6)
  A necrophage (D:11)
  13 centaurs
  12 crocodiles
  A big kobold (shapeshifter) (Vaults:2)
  2 earth elementals
  10 gnoll sergeants
  26 bullfrogs
  A wyvern zombie (D:14)
  2 scorpions
  9 killer bees
  4 wights
  A vampire bat (Orc:2)
  6 howler monkeys
  3 electric eels
  3 centaur zombies
  5 crimson imps
  A quasit (D:9)
  3 bullfrog zombies
  10 hounds
  6 gnoll shamans (Bailey)
  51 orc priests
  4 jellies
  Natasha (thrice) (D:2)
  3 bullfrog skeletons
  3 centaur skeletons
  Jessica (D:2)
  5 iguanas
  26 orc wizards
  6 worker ants
  A nameless horror (D:5)
  2 hound skeletons
  A howler monkey zombie (D:11)
  2 worker ant zombies
  34 gnolls
  19 adders
  4 shadow imps
  3 oozes
  An adder skeleton (D:8)
  An adder zombie (D:9)
  A worm (D:4)
  2 dart slugs (D:1)
  13 leopard geckos
  148 orcs
  12 bats
  9 giant cockroaches
  12 goblins
  2 hobgoblins (D:2)
  14 jackals
  9 kobolds
  6 quokkas
  7 ball pythons
  11 frilled lizards
  8 rats
  A bush (D:14)
  10 fungi
  143 plants
  4 tentacles (Shoals:2)
1626 creatures vanquished.

Vanquished Creatures (collateral kills)
  A catoblepas (Lair:4)
  A hydra (Lair:5)
  A dancing weapon (Elf:1)
  2 two-headed ogres
  A necromancer (D:14)
  A black mamba (Lair:5)
  A komodo dragon (Lair:3)
  A torpor snail (Lair:5)
  A tyrant leech (Lair:6)
  A wraith (D:6)
  2 hungry ghosts
  Menkaure (D:6)
  2 orc warriors
  3 ice beasts
  A phantom (D:5)
  2 ogres (D:15)
  A nameless horror (Bailey)
  3 bullfrogs
  A gnoll sergeant (Bailey)
  3 wights
  An orc priest (D:7)
  A hound (D:9)
  A bullfrog skeleton (D:5)
  A worker ant (Orc:1)
  A yak simulacrum (D:14)
  A wolf simulacrum (D:14)
  4 gnolls
  An adder (Lair:3)
  4 orcs (D:7)
45 creatures vanquished.

Vanquished Creatures (others)
  A bush (Lair:6)
  15 fungi
  61 plants
  8 tentacles (Shoals:2)
85 creatures vanquished.

Grand Total: 1756 creatures vanquished

Notes
Turn   | Place    | Note
-------+----------+-------------------------------------------
     0 | D:1      | vurker the Octopode Ice Elementalist began the quest for
                  | the Orb.
     0 | D:1      | Reached XP level 1. HP: 11/11 MP: 3/3
   321 | D:1      | Reached XP level 2. HP: 15/18 MP: 5/5
   532 | D:1      | Reached XP level 3. HP: 12/22 MP: 0/6
   783 | D:1      | Reached skill level 1 in Fighting
  1503 | D:2      | Noticed Jessica
  1509 | D:2      | Learned a level 3 spell: Frozen Ramparts
  1522 | D:2      | Killed Jessica
  1522 | D:2      | Reached XP level 4. HP: 28/28 MP: 3/8
  1638 | D:2      | Found a faded altar of an unknown god.
  1721 | D:2      | Noticed Natasha
  1882 | D:2      | Killed Natasha
  1935 | D:2      | Reached skill level 5 in Ice Magic
  1935 | D:2      | Reached XP level 5. HP: 31/34 MP: 4/10
  2200 | D:2      | Noticed Natasha
  2210 | D:2      | Killed Natasha
  2349 | D:2      | Found an iron altar of Okawaru.
  2574 | D:2      | Noticed Natasha
  2579 | D:2      | Killed Natasha
  2880 | D:2      | Reached XP level 6. HP: 28/39 MP: 5/11
  2966 | D:2      | Learned a level 4 spell: Hailstorm
  2971 | D:2      | Learned a level 4 spell: Summon Ice Beast
  3430 | D:3      | Reached skill level 1 in Summonings
  3867 | D:4      | Reached skill level 1 in Conjurations
  3932 | D:4      | Found a staircase to the Ecumenical Temple.
  3940 | Temple   | Entered the Ecumenical Temple
  4011 | Temple   | Became a worshipper of Vehumet
  4109 | D:4      | Found a basalt altar of Yredelemnul.
  4413 | D:4      | Found a glowing drain.
  4417 | Sewer    | Entered a sewer
  4580 | Sewer    | Reached XP level 7. HP: 45/45 MP: 11/13
  4721 | Sewer    | Reached * piety under Vehumet
  4721 | Sewer    | Offered knowledge of Sandblast by Vehumet.
  4924 | D:4      | Reached skill level 6 in Ice Magic
  5485 | D:5      | Entered Level 5 of the Dungeon
  5575 | D:5      | Reached XP level 8. HP: 42/52 MP: 6/15
  6100 | D:5      | Reached skill level 5 in Spellcasting
  6518 | D:5      | Found a hazy altar of Hepliaklqana.
  6530 | D:5      | Found a bloodstained altar of Trog.
  6675 | D:5      | Found an ornate altar of the Wu Jian Council.
  6677 | D:5      | Found a shimmering blue altar of Sif Muna.
  6677 | D:5      | Found a hide-covered altar of Uskayaw.
  7216 | D:6      | Reached skill level 7 in Ice Magic
  7374 | D:6      | Reached ** piety under Vehumet
  7464 | D:6      | Noticed Prince Ribbit
  7490 | D:6      | Killed Prince Ribbit
  7490 | D:6      | Offered knowledge of Foxfire by Vehumet.
  7632 | D:6      | Noticed Menkaure
  7652 | D:6      | Killed Menkaure
  7652 | D:6      | Reached XP level 9. HP: 31/58 MP: 6/18
  8509 | D:6      | Reached skill level 8 in Ice Magic
  9726 | D:7      | Reached skill level 5 in Fighting
 10203 | D:7      | Found a glowing silver altar of Zin.
 10206 | D:7      | Found a blossoming altar of Fedhas.
 10334 | D:8      | Found a flagged portal.
 10367 | D:8      | Reached skill level 9 in Ice Magic
 10517 | Bailey   | Entered a bailey
 10648 | Bailey   | Offered knowledge of Conjure Flame by Vehumet.
 10648 | Bailey   | Reached XP level 10. HP: 66/66 MP: 2/21
 11105 | Bailey   | Reached *** piety under Vehumet
 11993 | D:8      | Found a sacrificial altar of Ru.
 12360 | D:8      | Offered knowledge of Olgreb's Toxic Radiance by Vehumet.
 12366 | D:8      | Learned a level 4 spell: Olgreb's Toxic Radiance
 13122 | D:9      | Reached skill level 10 in Ice Magic
 13417 | D:9      | Noticed a two-headed ogre
 13428 | D:9      | Killed a two-headed ogre
 13428 | D:9      | Reached **** piety under Vehumet
 13567 | D:9      | Found Ydoext's General Store.
 13578 | D:9      | Bought a scroll of fear for 49 gold pieces
 13578 | D:9      | Bought a scroll of teleportation for 42 gold pieces
 13743 | D:9      | Noticed a two-headed ogre
 13761 | D:9      | Killed a two-headed ogre
 13761 | D:9      | Reached XP level 11. HP: 21/74 MP: 14/24
 14016 | D:9      | Offered knowledge of Bolt of Magma by Vehumet.
 14763 | D:9      | Reached skill level 11 in Ice Magic
 14924 | D:9      | Found a staircase to the Lair.
 15122 | D:10     | Entered Level 10 of the Dungeon
 15427 | D:10     | Reached skill level 10 in Spellcasting
 15805 | D:10     | Found Weur's Weapon Shop.
 16566 | D:11     | Found Ozyepner's Jewellery Shop.
 16690 | D:11     | Noticed a green ugly thing
 16704 | D:11     | Killed a green ugly thing
 16704 | D:11     | Reached ***** piety under Vehumet
 16704 | D:11     | Reached skill level 1 in Shields
 16783 | D:11     | Offered knowledge of Airstrike by Vehumet.
 16819 | D:11     | Noticed a two-headed ogre
 17025 | D:11     | Killed a two-headed ogre
 17378 | D:11     | Found Archeedue's Gadget Boutique.
 17461 | D:11     | Found a staircase to the Orcish Mines.
 17605 | D:11     | Found Qibuu's Book Boutique.
 17637 | D:11     | Killed an unseen horror
 17837 | D:11     | Noticed a cyclops
 18091 | D:11     | Killed an unseen horror
 18364 | D:11     | Found Athraz's General Store.
 18401 | D:11     | Killed a cyclops
 18537 | D:11     | Noticed Psyche
 18543 | D:11     | Killed Psyche
 18588 | D:11     | Noticed Fannar
 18659 | Lair:1   | Entered Level 1 of the Lair of Beasts
 18920 | Lair:1   | Reached skill level 12 in Ice Magic
 18920 | Lair:1   | Reached XP level 12. HP: 68/82 MP: 18/26
 19278 | Lair:1   | Found a frozen archway.
 19352 | IceCv    | Entered an ice cave
 19706 | Lair:1   | Offered knowledge of Fireball by Vehumet.
 21822 | Lair:2   | Identified a scroll of acquirement
 22007 | D:11     | Bought a +4 ring of protection for 576 gold pieces
 22007 | D:11     | Bought an uncursed ring of protection from cold for 400
                  | gold pieces
 22007 | D:11     | Bought the ring "Suwnig Anke" {rPois Str+4 Dex+6} for 1249
                  | gold pieces
 22007 | D:11     | Bought an uncursed ring of protection from magic for 400
                  | gold pieces
 22007 | D:11     | Bought an uncursed amulet of reflection for 480 gold pieces
 22518 | Lair:3   | Reached skill level 13 in Ice Magic
 22578 | Lair:3   | Found a staircase to the Snake Pit.
 22878 | Lair:3   | Found a staircase to the Shoals.
 23010 | Lair:3   | Reached XP level 13. HP: 62/90 MP: 3/28
 24436 | Lair:4   | Found a runed translucent gate.
 24436 | Lair:4   | Found a runed translucent gate.
 24436 | Lair:4   | Found a runed translucent gate.
 24450 | Lair:4   | Noticed Raneoc's ghost (journeyman MiFi)
 25922 | Lair:5   | Got the +2 hat of Kindness {+Fly rC+ Dex-4 SInv}
 25990 | Lair:5   | Reached skill level 14 in Ice Magic
 26094 | Lair:5   | Found a runed translucent door.
 26576 | Lair:5   | Reached skill level 10 in Fighting
 27085 | Lair:5   | Found a shimmering blue altar of Sif Muna.
 27725 | Lair:6   | Entered Level 6 of the Lair of Beasts
 27725 | Lair:6   | Found a runed translucent gate.
 27725 | Lair:6   | Found a runed translucent gate.
 27725 | Lair:6   | Found a runed translucent gate.
 27733 | Lair:6   | Noticed vogonpoet's ghost (journeyman HOBe)
 28304 | Lair:6   | Reached XP level 14. HP: 52/99 MP: 9/31
 28615 | Lair:6   | Found a staircase to the Slime Pits.
 29890 | Lair:6   | Reached skill level 15 in Ice Magic
 30176 | Lair:6   | Offered knowledge of Ozocubu's Refrigeration by Vehumet.
 30184 | Lair:6   | Learned a level 6 spell: Ozocubu's Refrigeration
 30912 | Orc:1    | Entered Level 1 of the Orcish Mines
 30962 | Orc:1    | Found Alyberch's Food Shoppe.
 31026 | Orc:2    | Entered Level 2 of the Orcish Mines
 31536 | Orc:1    | Found Hiphupro's Gadget Shoppe.
 31759 | Orc:1    | Noticed an orc warlord
 31784 | Orc:1    | Killed an orc warlord
 32371 | Orc:1    | Found a bloodstained altar of Trog.
 32975 | Orc:2    | Found a staircase to the Elven Halls.
 33671 | Orc:2    | Reached ****** piety under Vehumet
 33677 | Orc:2    | Found Kuocvun's Antique Weapon Shoppe.
 34399 | Orc:2    | Offered knowledge of Spellforged Servitor by Vehumet.
 34621 | Orc:2    | Found a roughly hewn altar of Beogh.
 34627 | Orc:2    | Found Caosyli's Jewellery Boutique.
 34627 | Orc:2    | Found Cenuotil's General Store.
 34696 | Orc:2    | Found Muustrex's Book Boutique.
 34696 | Orc:2    | Found Heogrie's Gadget Emporium.
 35773 | D:12     | Got a fine falchion
 35775 | D:12     | Found the +3 hat of Pondering {ponderous, MR+ MP+10 Int+5}
 35775 | D:12     | Got the +3 hat of Pondering {ponderous, MR+ MP+10 Int+5}
 36097 | D:13     | Reached XP level 15. HP: 106/106 MP: 33/33
 36214 | D:13     | Found Ynoanokeo's General Store.
 36570 | D:13     | Reached skill level 15 in Spellcasting
 36715 | D:13     | Found a gate to the Vaults.
 36719 | D:13     | Offered knowledge of Freezing Cloud by Vehumet.
 37030 | D:13     | Identified the cursed +1 falchion "Vutac" {antimagic, rPois
                  | rC++ Dex+2 Stlth-} (You found it on level 12 of the
                  | Dungeon)
 37835 | D:14     | Noticed Azrael
 37838 | D:14     | Killed Azrael
 38123 | D:14     | Reached skill level 16 in Ice Magic
 38172 | D:15     | Entered Level 15 of the Dungeon
 39183 | D:15     | Noticed Nessos
 39185 | D:15     | Killed Nessos
 39705 | D:15     | Found a staircase to the Depths.
 40016 | Snake:1  | Entered Level 1 of the Snake Pit
 40182 | Snake:1  | Offered knowledge of Yara's Violent Unravelling by Vehumet.
 40307 | Snake:1  | Reached XP level 16. HP: 109/112 MP: 36/36
 40509 | Snake:1  | Found a radiant altar of Vehumet.
 40668 | Snake:1  | Found a transporter.
 40814 | Snake:1  | Found a transporter.
 41291 | Snake:2  | Noticed Louise
 41296 | Snake:2  | Killed Louise
 41296 | Snake:2  | Reached skill level 17 in Ice Magic
 41431 | Snake:2  | Noticed Aizul
 41437 | Snake:2  | Killed Aizul
 41675 | Snake:2  | Noticed Vashnia
 41680 | Snake:2  | Killed Vashnia
 42029 | Snake:2  | Found a bloodstained altar of Trog.
 42049 | Snake:2  | Noticed a nagaraja
 42053 | Snake:2  | Killed a nagaraja
 42421 | Snake:2  | Found Tucvam's Jewellery Shop.
 42423 | Snake:2  | Found Lichuur's Gadget Shoppe.
 42424 | Snake:2  | Found Goust's Jewellery Shop.
 42466 | Snake:2  | Bought a +6 ring of intelligence for 819 gold pieces
 42466 | Snake:2  | Bought an uncursed ring of magical power for 280 gold
                  | pieces
 42832 | Snake:3  | Found a runed translucent door.
 42832 | Snake:3  | Noticed Dadghomedgh's ghost (adept GnWz)
 42840 | Snake:3  | Noticed a nagaraja
 42843 | Snake:3  | Killed a nagaraja
 43245 | Snake:3  | Found Tinaos Syafe's Food Emporium.
 43253 | Snake:3  | Reached XP level 17. HP: 117/117 MP: 38/38
 44629 | Snake:3  | Reached skill level 5 in Stealth
 45026 | Snake:4  | Entered Level 4 of the Snake Pit
 45068 | Snake:4  | Got a scorched war axe
 45069 | Snake:4  | Identified the +11 war axe of Padej {drain, SInv} (You
                  | found it on level 4 of the Snake Pit)
 45329 | Snake:4  | Reached skill level 18 in Ice Magic
 45420 | Snake:4  | Offered knowledge of Starburst by Vehumet.
 45499 | Snake:4  | Reached skill level 5 in Dodging
 45662 | Snake:4  | Reached XP level 18. HP: 108/126 MP: 36/40
 45962 | Snake:4  | Got a serpentine rune of Zot
 47105 | Shoals:1 | Entered Level 1 of the Shoals
 49018 | Shoals:2 | Reached skill level 19 in Ice Magic
 49353 | Shoals:2 | Found Nimobb's Assorted Antiques.
 50665 | Shoals:3 | Noticed Jorgrun
 50673 | Shoals:3 | Killed Jorgrun
 51241 | Shoals:4 | Entered Level 4 of the Shoals
 51281 | Shoals:4 | Reached skill level 10 in Stealth
 51758 | Shoals:4 | Reached XP level 19. HP: 133/133 MP: 41/41
 52040 | Shoals:4 | Noticed Ilsuiw
 52044 | Shoals:4 | Killed Ilsuiw
 52406 | Shoals:4 | Got a shimmering glaive
 52413 | Shoals:4 | Identified the +3 glaive of vurker's Painful Death {pain,
                  | Dex+4} (You found it on level 4 of the Shoals)
 52431 | Shoals:4 | Offered knowledge of Fire Storm by Vehumet.
 52431 | Shoals:4 | Offered knowledge of Shatter by Vehumet.
 52431 | Shoals:4 | Offered knowledge of Tornado by Vehumet.
 52475 | Shoals:4 | Learned a level 9 spell: Shatter
 52571 | Shoals:4 | Found a runed translucent gate.
 52572 | Shoals:4 | Found a runed translucent gate.
 52573 | Shoals:4 | Found a runed translucent gate.
 52742 | Shoals:4 | Reached skill level 1 in Earth Magic
 53160 | Shoals:4 | Got a barnacled rune of Zot
 53382 | Shoals:4 | Got an iridescent short sword
 53918 | Snake:4  | Identified the +10 short sword of Diwool {vorpal, rPois rN+
                  | MR- Int+7} (You found it on level 4 of the Shoals)
 54233 | Elf:1    | Entered Level 1 of the Elven Halls
 54235 | Elf:1    | Reached skill level 1 in Polearms
 56375 | Orc:2    | Bought a book of Transfigurations for 770 gold pieces
 56382 | Orc:2    | Learned a level 6 spell: Statue Form
 56964 | Elf:2    | Found Seawo's Superlative Supplies.
 57029 | Elf:2    | Reached skill level 1 in Transmutations
 57671 | Elf:2    | Found a runed translucent gate.
 57671 | Elf:2    | Found a runed translucent gate.
 57671 | Elf:2    | Found a runed translucent gate.
 57797 | Elf:2    | Reached XP level 20. HP: 110/140 MP: 42/42
 57799 | Elf:2    | Reached skill level 5 in Shields
 57933 | Elf:2    | Reached skill level 20 in Ice Magic
 58344 | Elf:3    | Entered Level 3 of the Elven Halls
 58514 | Elf:3    | Found Ximij's Distillery.
 58525 | Elf:3    | Bought a potion of heal wounds for 80 gold pieces
 58525 | Elf:3    | Bought a potion of heal wounds for 80 gold pieces
 58525 | Elf:3    | Bought a potion of magic for 128 gold pieces
 58628 | Elf:3    | Found Niakabi's Antique Weapon Emporium.
 58650 | Elf:3    | Reached skill level 5 in Earth Magic
 58718 | Elf:3    | Found Siotrecw's Gadget Emporium.
 58825 | Elf:3    | Found Coj Kobeed's Distillery.
 58830 | Elf:3    | Bought a potion of heal wounds for 75 gold pieces
 58830 | Elf:3    | Bought a potion of heal wounds for 75 gold pieces
 58830 | Elf:3    | Bought a potion of heal wounds for 75 gold pieces
 58830 | Elf:3    | Bought a potion of heal wounds for 75 gold pieces
 58830 | Elf:3    | Bought a potion of haste for 150 gold pieces
 58909 | Elf:3    | Found Evetuun's Magic Scroll Shop.
 58917 | Elf:3    | Bought a scroll of teleportation for 39 gold pieces
 59472 | Elf:3    | Identified the +1 kite shield "Usaphy" {rElec rN++}
 59901 | Elf:3    | Identified the ring of Winewniogg {+Fly rC+ rN+ AC+4}
 59902 | Elf:3    | Reached skill level 5 in Polearms
 60308 | Elf:3    | Identified the amulet of the Piercing Ancients {Reflect
                  | Str+2 SH+5}
 60496 | Elf:3    | Got a faintly glowing short sword
 60544 | Elf:3    | Learned a level 6 spell: Iron Shot
 60552 | Elf:3    | Identified the +3 short sword of Valour {vamp, rC+ Str+4}
                  | (You found it on level 3 of the Elven Halls)
 60753 | Vaults:1 | Entered Level 1 of the Vaults
 61250 | Vaults:1 | Reached skill level 5 in Transmutations
 62305 | Vaults:1 | Reached XP level 21. HP: 147/147 MP: 44/44
 63065 | Vaults:2 | Noticed Boris
 63084 | Vaults:2 | Killed Boris
 65428 | Vaults:3 | Noticed Jory
 65438 | Vaults:3 | Killed Jory
 65613 | Vaults:3 | HP: 1/147 [skeletal warrior/+0 dire flail[a death knight]
                  | (35)]
 65614 | Vaults:3 | Slain by a freezing wraith

Illustrated notes

Levels and vault maps discovered:
D:1:      wander_arrival_peaceful_grave, layout_basic
D:2:      layout_basic, first_ration, chequers_ecumenical_altar_grove,
          okawaru_gym_becter, uniq_natasha, uniq_jessica
D:3:      layout_rooms
D:4:      layout_loops_corners, lemuel_crystal_altar,
          minmay_temple_entry_statues_fountains, gup_sewer_entry_bowl
D:5:      layout_rooms, grunt_temple_overflow_open
D:6:      layout_layer_cave, uniq_menkaure, uniq_prince_ribbit1
D:7:      layout_gridville, minitemple
D:8:      layout_basic, marbit_many_paths, enter_bailey_2
D:9:      layout_gridville, erik_lair_dragon, serial_shops, shop
D:10:     layout_stronghold, serial_shops, nicolae_shop_trees
D:11:     minmay_tri_box, layout_irregular_city, hiddenorc2_lemuel,
          serial_shops, nicolae_shop_stone, shop, nicolae_shop_stone,
          nicolae_shop_statue_plus, nicolae_shop_waterfront,
          hangedman_pestilent_swarm, uniq_fannar, uniq_psyche
D:12:     layout_basic, minmay_misc_feat_square, minmay_liquid_box
D:13:     layout_roguey, david_vaults_2, serial_shops, shop_fountains
D:14:     layout_basic, serial_park_square1 [serial_park_minivault_5x5_7],
          eino_house_with_fridge, uniq_azrael
D:15:     grunt_enter_depths_magical_seal, layout_cave_pools, uniq_nessos
Temple:   oiseaux_autumnal_temple
Lair:1:   layout_concentric_octagons, portal_ice_cave_rime, grunt_megastairs_1,
          lemuel_fruit_fields, infiniplex_staircase_pool
Lair:2:   layout_regular_city
Lair:3:   layout_cellular_growth, minmay_shoals_entry_beasts,
          minmay_snake_entry_six_corridors, grunt_megastairs_4,
          serial_bayou_shore_b, infiniplex_staircase_pool_2
Lair:4:   beast_lair_carwin_large_1, layout_hall_layers,
          ebering_ghost_rock_garden, chequers_serial_rivers_small_a,
          grunt_megastairs_5, serial_bayou_shore_b
Lair:5:   layout_layer_cave, basic_altar, pf_torpor_hydra, serial_bayou_shore_a
Lair:6:   minmay_lair_end_frog_pond, layout_regular_city,
          nicolae_slime_entry_slimehenge, gammafunk_ghost_hydra_chop
Shoals:1: layout_shoals, nicolae_shoals_flooded_hall
Shoals:2: layout_shoals, serial_shops, shop, nicolae_shoals_kraken_intersection
Shoals:3: layout_shoals, uniq_jorgrun
Shoals:4: shoals_end_grunt_ice, layout_shoals, shoal_ilsuiw,
          gammafunk_ghost_cemetery, nicolae_shoals_this_corrosion
Snake:1:  gammafunk_the_bubble [the_bubble_gammafunk_grid],
          layout_misc_corridors, basic_altar, lemuel_fruit_tree
Snake:2:  layout_cave_town, basic_altar, minmay_shop_grove, uniq_vashnia,
          uniq_louise, uniq_aizul
Snake:3:  layout_chambers, gammafunk_ghost_grave, serial_shops, shop,
          special_room
Snake:4:  grunt_snake_rune_pools, layout_cave_town
Orc:1:    layout_diamond_mine, serial_shops, nicolae_shop_crystal, shop,
          nicolae_orc_pool_cavern, nicolae_orc_sculptors_studio,
          trog_butcher_becter
Orc:2:    st_orc_town, layout_diamond_mine, serial_shops,
          nicolae_shop_overgrown_old_shop, roderic_batcave
Elf:1:    elf_arrival_002, layout_loops_corners, portal_desolation_entry_salt,
          minmay_strange_pillars
Elf:2:    layout_geoelf_octagon, nicolae_alphabet_shops
Elf:3:    minmay_elf_hall_statues, layout_loops_cross, serial_shops, shop,
          nicolae_shop_crystal, nicolae_shop_trees, nicolae_shop_crystal, shop,
          serial_glass, glass_columns_a, glass_columns_c, glass_columns_b,
          glass_columns_c, glass_columns_a, glass_columns_c, glass_columns_c,
          glass_columns_c, glass_columns_b, glass_columns_b, glass_columns_c,
          glass_columns_c, glass_columns_a, glass_columns_a
Vaults:1: nicolae_vaults_specimen_jars, vaults_dpeg_diagonal,
          nicolae_vaults_three_branches, hangedman_vaults_stretched_pinwheel,
          v_misc_3, v_misc_2, nicolae_vaults_angled_halls,
          layout_vaults_omnigrid
Vaults:2: nicolae_vaults_little_squares_2, nicolae_vaults_mini_display_case,
          hangedman_vaults_pinch, nicolae_vaults_hallways_thing, v_misc_2,
          vaults_room_pool, hangedman_vaults_restitches, hangedman_vaults_nails,
          hangedman_vaults_locks, vaults_dpeg_hooks, layout_vaults_chaotic_city,
          uniq_boris
Vaults:3: ontoclasm_vaults_shuriken, v_rooms_6, dpeg_vaults_monster_row,
          vaults_room_hangedman_quadrants, hangedman_vaults_maws,
          minmay_crypt_entry_simple_corners, ontoclasm_vaults_twist,
          nicolae_vaults_little_squares_4, v_alt_pattern_2, v_pattern_2,
          vaults_mumra_hex, nicolae_vaults_little_squares_5,
          layout_vaults_omnicross, uniq_jory, uniq_nikola

Skill      XL: |  1  2  3  4  5  6  7  8  9 10 11 12 13 14 15 16 17 18 19 20 21 |
---------------+----------------------------------------------------------------+-----
Fighting       | 1 2 3 4 5 6 8 9 10 11 12 13 | 13.9
Spellcasting   | 3 4 6 7 9 10 11 13 14 16 17 18 19 | 19.2
Ice Magic      | 5 6 7 9 10 12 13 14 15 16 17 18 19 20 | 20.0
Summonings     | 1 2 3 |  3.0
Conjurations   | 1 2 3 4 |  4.5
Shields        | 2 4 7 8 |  8.2
Stealth        | 3 7 10 | 10.0
Dodging        | 5 7 8 9 |  9.9
Earth Magic    | 4 7 |  7.9
Polearms       | 3 6 7 |  7.1
Transmutations | 2 5 6 |  6.7

Action                   |  1- 3 |  4- 6 |  7- 9 | 10-12 | 13-15 | 16-18 | 19-21 || total
-------------------------+-------+-------+-------+-------+-------+-------+-------++-------
Melee: Unarmed           |    17 |       |       |       |       |       |       ||    17
       Constrict         |    14 |    25 |    28 |    17 |    19 |     3 |     2 ||   108
       Tentacles         |     5 |    13 |    25 |    16 |    65 |     5 |     7 ||   136
       Dagger            |    30 |    73 |   114 |       |       |       |       ||   217
       Short sword       |       |       |    17 |    77 |   160 |    12 |       ||   266
       Demon trident     |       |       |       |       |       |       |    39 ||    39
 Cast: Freeze            |    21 |    49 |    50 |   150 |   163 |       |       ||   433
       Frozen Ramparts   |     1 |    12 |    36 |    74 |    78 |     8 |       ||   209
       Summon Ice Beast  |       |       |    34 |    27 |    45 |       |    29 ||   135
       Hailstorm         |       |       |    17 |   171 |   381 |    26 |    25 ||   620
       Ozocubu's Refrige |       |       |       |       |    73 |   443 |   488 ||  1004
       Iron Shot         |       |       |       |       |       |       |    11 ||    11
Evoke: Wand              |       |       |     2 |     4 |     9 |     1 |    11 ||    27
       Tin of tremorston |       |       |       |       |       |       |     1 ||     1
  Use: Scroll            |       |       |    11 |    14 |     8 |     5 |    15 ||    53
       Potion            |       |       |     1 |     2 |       |       |       ||     3
 Stab: Sleeping          |     8 |     5 |     3 |     3 |     1 |       |       ||    20
       Distracted        |       |     2 |       |       |       |       |       ||     2
  Eat: Chunk             |     2 |    10 |    17 |    41 |    40 |    25 |    26 ||   161
       Ration            |       |       |     3 |     1 |     7 |     4 |     5 ||    20
Armor: Skin              |     6 |     9 |     7 |    11 |    69 |    13 |     4 ||   119
Dodge: Dodged            |    40 |    69 |   177 |   151 |   159 |    23 |    41 ||   660
Block: Buckler           |       |       |       |    35 |   200 |    30 |     6 ||   271
       Reflection        |       |       |       |       |     8 |    15 |    23 ||    46
       Kite shield       |       |       |       |       |       |       |    65 ||    65
